 Dungeon Crawl Stone Soup version 0.17-a0-1987-gaf5a542 (webtiles) character file.

9 dpvblackbelt the Stinger (level 2, -1/17 HPs)
             Began as an Octopode Venom Mage on Oct 7, 2015.
             Slain by a hobgoblin
             ... wielding a cursed +0 club
              (3 damage)
             ... on level 1 of the Dungeon.
             The game lasted 00:01:41 (1027 turns).

dpvblackbelt the Stinger (Octopode Venom Mage)      Turns: 1027, Time: 00:01:41

Health: -1/17      AC:  1    Str:  7    XL:     2   Next: 16%
Magic:  3/5        EV: 12    Int: 17    God:
Gold:   34         SH:  0    Dex: 12    Spells: 1 memorised, 4 levels left

rFire  . . .     SeeInvis .     e - +0 dagger
rCold  . . .     Clarity  .     (no shield)
rNeg   + . .     SustAt   .     (helmet restricted)
rPois  .         Gourm    .     (no amulet)
rElec  .         Spirit   .     d - ring of positive energy {rN+}
rCorr  .         Warding  .     (no ring)
rMut   .         Stasis   .     (no ring)
MR     .....                    (no ring)
Stlth  +++.......               (no ring)
                                (no ring)
                                (no ring)
                                (no ring)

@: not resistant to hostile enchantments, fairly stealthy
A: almost no armour, amphibious, 8 rings, constrict 8, camouflage 1, gelatinous
body 1
a: no special abilities


You were on level 1 of the Dungeon.
You were not hungry.

You visited 1 branch of the dungeon, and saw 1 of its levels.

You collected 34 gold pieces.

Inventory:

Hand Weapons
 e - a +0 dagger (weapon)
   (You took it off a kobold on level 1 of the Dungeon)
Jewellery
 d - a ring of positive energy (left tentacle) {rN+}
   (You found it on level 1 of the Dungeon)
Scrolls
 f - 2 scrolls of fear {unknown}
 h - a scroll of identify {unknown}
Potions
 c - a potion of cure mutation {unknown}
 g - a potion of heal wounds {unknown}
 i - a potion of lignification {unknown}
Books
 a - a Young Poisoner's Handbook
Comestibles
 b - 2 bread rations {@e1}


   Skills:
 - Level 2.0 Dodging
 - Level 2.6 Stealth
 - Level 2.0 Spellcasting
 + Level 1.7 Conjurations
 - Level 4.8 Poison Magic


You had 4 spell levels left.
You knew the following spells:

 Your Spells              Type           Power        Failure   Level  Hunger
a - Sting                 Conj/Pois      ##..         6%          1    #......


Dungeon Overview and Level Annotations

Branches:
Dungeon (1/15)

Altars:


Innate Abilities, Weirdness & Mutations

You cannot wear most types of armour.
You are amphibious.
You can wear up to eight rings at the same time.
You can use your tentacles to constrict eight enemies at once.
Your skin changes colour to match your surroundings (Stealth).
Your rubbery body absorbs attacks (AC +1).


Message History

You tentacle-slap the rat.
You kill the rat!
Wield which item (- for none, * to show all)? (? for menu, Esc to quit)
Okay, then.
You spend a moment contemplating the meaning of life.
You start resting.
Health restored: 11; MP restored: 3
Found a stone staircase leading down.
Found a stone staircase leading down.
h - a spear Wield which item (- for none, * to show all)? (? for menu, Esc to quit)
h - a +0 spear (weapon)
Drop what? 8/52 slots (_ for help) (? for menu, Esc to quit)
You drop a club. x2
Put on which piece of jewellery? (? for menu, Esc to quit)
d - a ring of positive energy (left tentacle) As you open the door, it creaks loudly!
A kobold comes into view. It is wielding a dagger.
A kobold is nearby!
Aim: a kobold, wielding a dagger The sting misses the kobold.
A giant cockroach comes into view.
You now have 2/3 mp.
Aim: a kobold, wielding a dagger You miscast Sting.
You are very lightly contaminated with residual magic.
Nothing appears to happen.
You now have 1/3 mp.
Aim: a kobold, wielding a dagger The sting hits the kobold.
The kobold appears unharmed.
You now have 0/3 mp.
Attack whom?
Aim: a kobold, wielding a dagger You reach to attack!
You closely miss the kobold. You closely miss the kobold.
Your grab misses the kobold. The kobold hits you but does no damage.
You hit the kobold. Your grab misses the kobold. You squeeze the kobold.
You kill the kobold!
You have reached level 2!
The giant cockroach barely misses you.
Health restored: 17 You hit the giant cockroach.
You grab the giant cockroach. You constrict the giant cockroach.
You kill the giant cockroach!
You see here a dagger.
e - a dagger Wield which item (- for none, * to show all)? (? for menu, Esc to quit)
e - a +0 dagger (weapon)
Drop what? 7/52 slots (_ for help) (? for menu, Esc to quit)
You drop a +0 spear.
You start resting.
Your magical contamination has completely faded away.
You start resting.
MP restored: 5
There is an open door here.
You open the door.
There is an open door here.
g - a glowing orange potion You open the door.
There is an open door here.
There is an open door here.
There is an open door here.
You open the door.
There is an open door here.
There is an open door here.
h - a scroll labeled EWNOHY WITHUFOOGI
i - a red potion A bat comes into view. x2
There are monsters nearby!
The bat closely misses you.
You hit the bat. Your grab misses the bat. The bat hits you.
The bat completely misses you.
You take 1 damage, and have 16/17 hp.
You hit the bat.
You kill the bat!
The bat hits you but does no damage.
You closely miss the bat. Your grab misses the bat.
Your squeeze misses the bat. The bat hits you.
A hobgoblin comes into view. It is wielding a club.
You take 1 damage, and have 15/17 hp.
The hobgoblin shouts!
The bat closely misses you.
You hit the bat. Your grab misses the bat. The bat hits you but does no damage.
The bat misses you.
You completely miss the bat. Your grab misses the bat. The bat hits you.
You take 1 damage, and have 14/17 hp.
The hobgoblin hits you with a club. The bat completely misses you.
You take 3 damage, and have 11/17 hp.
You barely miss the bat. Your grab misses the bat.
The bat hits you but does no damage. The hobgoblin hits you with a club.
You take 4 damage, and have 7/17 hp.
MASSIVE DAMAGE!!
Aim: a hobgoblin, wielding a club The sting hits the hobgoblin.
The bat hits you. The hobgoblin hits you with a club.
* * * LOW HITPOINT WARNING * * *
You take 5 damage, and have 2/17 hp.
MASSIVE DAMAGE!!
You now have 4/5 mp.
Aim: a hobgoblin, wielding a club (severely wounded)
The sting misses the hobgoblin.
The bat hits you but does no damage. The hobgoblin hits you with a club.
You die...

#..# #..###..#..######
#..#####..# #..#........
#.........# #..#...#####
#.........###..#........
#..........[...#....###.
#..####........#..(.....
#..# #........##.#####.
#..# #b.####..##.# #.
#..# #@.# #..##.# #.
#..####g.# #.....## #.
#........# #..#...## ##
#........####..#....##
#..............#.....##
#..###.........#......##
#..# #.........#......'.
#..# #..#####..#.....>##
#..###..# #..#.....##


You could see a hobgoblin and a bat.

Vanquished Creatures
  A bat (D:1)
  A giant cockroach (D:1)
  2 hobgoblins (D:1)
  2 kobolds (D:1)
  A giant newt (D:1)
  A rat (D:1)
8 creatures vanquished.

Notes
Turn   | Place    | Note
--------------------------------------------------------------
     0 | D:1      | dpvblackbelt the Octopode Venom Mage began the quest for the Orb.
     0 | D:1      | Reached XP level 1. HP: 11/11 MP: 3/3
   561 | D:1      | Reached skill level 1 in Conjurations
   780 | D:1      | Reached XP level 2. HP: 17/17 MP: 0/5
  1026 | D:1      | HP: 2/17 [hobgoblin/club (4)]
  1027 | D:1      | Slain by a hobgoblin

Vault maps used:
D:1:      dpeg_arrival_boxorama

Action                   || total
-------------------------++-------
Melee: Unarmed           ||     8
       Spear             ||     4
       Dagger            ||     6
 Cast: Sting             ||    13

Vault maps used:
D:1:      dpeg_arrival_boxorama

Table legend:
 A = Turns spent in this place as a percentage of turns spent in the entire game.
 B = Non-inter-level travel turns spent in this place as a percentage of non-inter-level travel turns spent in the entire game.
 C = Inter-level travel turns spent in this place as a percentage of turns spent in this place.
 D = Turns resting spent in this place as a percentage of non-inter-level travel turns spent in this place.
 E = Turns spent auto-exploring this place as a percentage of non-inter-level travel turns spent in this place.
 F = Non-inter-level travel turns spent in this place divided by the number of levels of this place that you've seen.
                   A       B       C       D       E      F
               +-------+-------+-------+-------+-------+----------------------
         Total | 100.0 | 100.0 |   0.0 |   9.2 |  12.2 | 131.0
       Dungeon | 100.0 | 100.0 |   0.0 |   9.2 |  12.2 | 131.0
               +-------+-------+-------+-------+-------+----------------------

Table legend:
 A = Kills in this place as a percentage of kills in entire the game.
 B = Kills by you in this place as a percentage of kills by you in the entire game.
 C = Kills by friends in this place as a percentage of kills by friends in the entire game.
 D = Other kills in this place as a percentage of other kills in the entire game.
 E = Experience gained in this place as a percentage of experience gained in the entire game.
 F = Experience gained in this place divided by the number of levels of this place that you have seen.
                   A       B       C       D       E      F
               +-------+-------+-------+-------+-------+----------------------
         Total | 100.0 | 100.0 |  -nan |  -nan | 100.0 |  14.0
       Dungeon | 100.0 | 100.0 |  -nan |  -nan | 100.0 |  14.0
               +-------+-------+-------+-------+-------+----------------------
